 Dungeon Crawl Stone Soup version 0.31.0-11-ge490571c62 (webtiles) character file.

Game seed: 12167834070880651568

175 qw the Skirmisher (level 5, 0/26 HPs)
             Began as a Deep Elf Hunter on Feb 4, 2024.
             Killed from afar by an orc wizard (6 damage)
             ... with a puff of flame
             ... on level 3 of the Dungeon.
             The game lasted 00:00:11 (1330 turns).

qw the Skirmisher (Deep Elf Hunter)                 Turns: 1330, Time: 00:00:12

Health: 0/26       AC:  3    Str: 10    XL:     5   Next: 29%
Magic:  7/7        EV: 12    Int: 14    God:
Gold:   17         SH:  0    Dex: 18    Spells: 4/4 levels left

rFire   . . .        a - +0 shortbow
rCold   + . .        (shield currently unavailable)
rNeg    . . .        c - +0 leather armour
rPois   .            (no helmet)
rElec   .            (no cloak)
rCorr   .            (no gloves)
SInv    +            (no boots)
Will    .....        (no amulet)
Stlth   ++           (no ring)
HPRegen 0.24/turn    (no ring)
MPRegen 0.10/turn

%: no passive effects
@: about to teleport
A: see invisible, cold resistance 1, frail 1
a: no special abilities


You were on level 3 of the Dungeon.
You visited 1 branch of the dungeon, and saw 3 of its levels.

You collected 62 gold pieces.
You spent 45 gold pieces at shops.


Innate Abilities, Weirdness & Mutations

You have supernaturally acute eyesight. (SInv)
Your flesh is cold resistant. (rC+)
You are frail. (-10% HP)


   Skills:
 - Level 1.5 Fighting
 + Level 8.8 Ranged Weapons
 - Level 2.4 Dodging
 - Level 1.2 Stealth


You had 4 spell levels left.
You didn't know any spells.
Your spell library was empty.

Inventory:

Hand Weapons
 a - a +0 shortbow (weapon)
Armour
 c - a +0 leather armour (worn)
 h - a +0 cloak
 k - a +0 scale mail
Wands
 b - a wand of charming (7)
Scrolls
 e - 2 scrolls of teleportation
 g - a scroll of enchant armour
Potions
 d - 2 potions of curing
 f - a potion of lignification {unknown}
 i - a potion of invisibility {unknown}
 j - a potion of degeneration {unknown}

Dungeon Overview and Level Annotations

Branches:
Dungeon (3/15)

Altars:

Shops:
D:3 [=


Message History

An orc comes into view. It is wielding a +0 hand axe.
You shoot an arrow. The arrow hits the orc.
The orc is heavily wounded.
You hear a shout!
An orc comes into view. It is wielding a +0 club.
You shoot an arrow. The arrow hits the orc.
The orc is severely wounded.
The orc hits you but does no damage.
You shoot an arrow. The arrow hits the orc.
You kill the orc!
You shoot an arrow. The arrow barely misses the orc priest.
The arrow barely misses the orc.
The orc priest casts a cantrip, but nothing happens.
An orc comes into view. It is wielding a +0 short sword.
You shoot an arrow. The arrow barely misses the orc priest.
The arrow hits the orc!
You kill the orc!
The orc priest hits you with a +0 whip.
An orc wizard comes into view. It is wielding a +0 dagger.
You shoot an arrow. The arrow hits the orc priest.
The orc priest is severely wounded.
The orc priest hits you with a +0 whip.
You shoot an arrow. The arrow barely misses the orc priest.
The orc priest barely misses you.
You shoot an arrow. The arrow hits the orc priest!
You kill the orc priest!
You shoot an arrow.
The arrow completely misses the orc wizard.
The arrow hits the orc.
The orc is moderately wounded.
The orc wizard hits you with a +0 dagger.
1329 ||| READING 3 scrolls of teleportation.
As you read the scroll of teleportation, it crumbles to dust.
You feel strangely unstable. The orc wizard barely misses you.
You shoot an arrow. The arrow hits the orc wizard!
The orc wizard is heavily wounded.
The orc wizard gestures at you while chanting.
The puff of flame hits you.
You die...

...#######...........#
....<.........>......#
.).....%.....#.##.##.#
##.########..#.......#
##.# #...#.##.####
##.# #...#.##.####
##.# # ... #....#
##.##### #...#.#####.#
...#~~~# #....oo@.##.#
#.##~\~# #####.##.##.#
...#~.~# .. #.##.#
.#..~.~# ... #....#
.##.~.~# ... ######
.###..## .. .# ##.# .
.# #.# .# #.#


You could see an orc wizard and an orc.

Vanquished Creatures
  An orc priest (D:3)
  A sleepcap (D:3)
  4 adders (D:2)
  A ribbon worm (D:2)
  A dart slug (D:3)
  2 orcs (D:3)
  3 bats
  9 endoplasms
  6 giant cockroaches
  3 goblins
  9 hobgoblins
  9 jackals
  4 kobolds
  2 quokkas (D:1)
  6 ball pythons
  2 frilled lizards (D:1)
  4 rats
67 creatures vanquished.

Notes
Turn   | Place    | Note
-------+----------+-------------------------------------------
     0 | D:1      | qw the Deep Elf Hunter began the quest for the Orb.
     0 | D:1      | Reached XP level 1. HP: 12/12 MP: 3/3
     0 | D:1      | 0 ||| qw: Version: 0.3-a-160-g6735b56
     0 | D:1      | 0 ||| qw: Game counter: 5873
     0 | D:1      | 0 ||| qw: Melee chars always use a shield: true
     0 | D:1      | 0 ||| qw: God list: Okawaru
     0 | D:1      | 0 ||| qw: Allow faded altars: false
     0 | D:1      | 0 ||| qw: Do Orc after clearing Dungeon:15 true
     0 | D:1      | 0 ||| qw: Do second Lair branch before Depths: true
     0 | D:1      | 0 ||| qw: Lair rune preference: random
     0 | D:1      | 0 ||| qw: Goals: Normal
     0 | D:1      | 0 ||| PLANNING D:1-11
   100 | D:1      | Reached XP level 2. HP: 16/16 MP: 4/4
   120 | D:1      | Reached skill level 6 in Ranged Weapons
   309 | D:1      | Reached XP level 3. HP: 13/20 MP: 5/5
   569 | D:1      | 569 ||| READING scroll labelled XEAT FEADONE.
   570 | D:1      | 570 ||| READING scroll labelled AHURAU MUERAL.
   571 | D:1      | 571 ||| READING scroll labelled UZUIM JAEVIUMI.
   572 | D:1      | 572 ||| READING scroll labelled NEIJIA SEELLAIRHU.
   572 | D:1      | 572 ||| ENCHANTING +0 shortbow.
   573 | D:1      | 573 ||| DROPPING scroll of butterflies.
   575 | D:1      | 575 ||| Stepping ~*~*~tactically~*~*~ (cloud).
   736 | D:2      | Reached skill level 7 in Ranged Weapons
   795 | D:2      | 795 ||| FLEEEEING.
   807 | D:2      | Reached XP level 4. HP: 25/25 MP: 6/6
   818 | D:2      | You fall into a shaft and drop 1 floor!
   846 | D:3      | Found Fuong's Jewellery Boutique.
   867 | D:3      | Reached skill level 8 in Ranged Weapons
   885 | D:3      | 885 ||| SHOPLISTING amulet of Wukk {Acrobat *Slow rCorr
                  | Dex+5} (522 gold, have 34).
   885 | D:3      | 885 ||| SHOPLISTING amulet of guardian spirit (330 gold,
                  | have 34).
   885 | D:3      | 885 ||| SHOPLISTING amulet of reflection (330 gold, have
                  | 34).
   885 | D:3      | 885 ||| SHOPLISTING ring of fire (275 gold, have 34).
   885 | D:3      | 885 ||| SHOPLISTING ring of willpower (275 gold, have 34).
   891 | D:3      | 891 ||| DRINKING 2 fizzy purple potions.
   891 | D:3      | Gained mutation: You occasionally lose the ability to drink
                  | potions when taking damage. [potion of mutation]
   891 | D:3      | Gained mutation: Your mind is acute. (Int +4, Str/Dex -1)
                  | [potion of mutation]
   892 | D:3      | 892 ||| DRINKING potion of mutation.
   892 | D:3      | Lost mutation: You occasionally lose the ability to drink
                  | potions when taking damage. [potion of mutation]
   892 | D:3      | Lost mutation: Your mind is acute. (Int +4, Str/Dex -1)
                  | [potion of mutation]
   892 | D:3      | Gained mutation: You have supernaturally acute eyesight.
                  | (SInv) [potion of mutation]
   892 | D:3      | Gained mutation: You are frail. (-10% HP) [potion of
                  | mutation]
   892 | D:3      | Gained mutation: Your flesh is cold resistant. (rC+)
                  | [potion of mutation]
   894 | D:3      | Found Geext's Armour Shoppe.
   899 | D:3      | 899 ||| FLEEEEING.
   900 | D:3      | 900 ||| STAIRDANCE
   901 | D:2      | Found a faded altar of an unknown god.
  1202 | D:2      | 1202 ||| READING 4 scrolls labelled AZEIFO UTETIU.
  1207 | D:2      | 1207 ||| DRINKING 3 bubbling yellow potions.
  1249 | D:3      | Reached XP level 5. HP: 26/26 MP: 7/7
  1256 | D:3      | 1256 ||| BUYING +0 cloak (45 gold).
  1256 | D:3      | Bought a +0 cloak for 45 gold pieces
  1256 | D:3      | 1256 ||| SHOPLISTING +0 helmet (45 gold, have 17).
  1256 | D:3      | 1256 ||| SHOPLISTING +0 ring mail (40 gold, have 17).
  1256 | D:3      | 1256 ||| SHOPLISTING +0 ring mail of cold resistance (110
                  | gold, have 17).
  1256 | D:3      | 1256 ||| SHOPLISTING +0 scale mail (40 gold, have 17).
  1256 | D:3      | 1256 ||| SHOPLISTING +2 cloak (165 gold, have 17).
  1328 | D:3      | HP: 5/26 [orc wizard/+0 dagger (3)]
  1329 | D:3      | 1329 ||| READING 3 scrolls of teleportation.
  1330 | D:3      | Killed from afar by an orc wizard

Levels and vault maps discovered:
D:1:      scummos_arrival_checkerplants, layout_rooms
D:2:      layout_basic, hellmonk_ecumenical_altar_run_dry, minmay_tromino_v2
D:3:      layout_basic, old_standard_altar, serial_shops,
          nicolae_shop_peninsula, nicolae_shop_tiny_glass,
          minmay_misc_feat_secret_circle, uniq_crazy_yiuf_cottage

Skill      XL: |  1  2  3  4 |
---------------+-------------+-----
Ranged Weapons | 6 7 8 |  8.8
Fighting       | |  1.5
Dodging        | |  2.4
Stealth        | |  1.2

Action                     |  1- 3 |  4- 6 || total
---------------------------+-------+-------++-------
   Fire: Shortbow          |   129 |    77 ||   206
    Use: Scroll            |     4 |     2 ||     6
         Potion            |       |     3 ||     3
 Armour: Leather armour    |    15 |    19 ||    34
  Dodge: Dodged            |    19 |    27 ||    46

Table legend:
 A = Non-vault XP
 B = Vault XP
 C = Vault XP percentage of total XP
 D = Non-vault monster count
 E = Vault monster count
 F = Vault count percentage of total count
                 A         B        C        D         E       F
            +---------+---------+-------+---------+---------+-------
      Total |     235 |      15 |   6.0 |      65 |       2 |   3.0
            +---------+---------+-------+---------+---------+-------
        D:1 |      52 |       0 |   0.0 |      31 |       0 |   0.0
        D:2 |      76 |      15 |  16.5 |      22 |       2 |   8.3
        D:3 |     107 |       0 |   0.0 |      12 |       0 |   0.0
            +---------+---------+-------+---------+---------+-------
